 Dungeon Crawl Stone Soup version 0.18-a0-824-g47fe746 (webtiles) character file.

163 JokEr the Insei (level 5, -1/35 HPs)
             Began as an Octopode Transmuter on Dec 17, 2015.
             Slain by a gnoll
             ... wielding a +0 spear
              (4 damage)
             ... on level 3 of the Dungeon.
             The game lasted 00:05:22 (3402 turns).

JokEr the Insei (Octopode Transmuter)               Turns: 3402, Time: 00:05:23

Health: -1/35      AC:  1    Str:  9    XL:     5   Next: 44%
Magic:  8/8        EV: 12    Int: 17    God:
Gold:   144        SH:  0    Dex: 12    Spells: 2 memorised, 3 levels left

rFire  . . .     SeeInvis .       - Unarmed
rCold  . . .     Gourm    .     (no shield)
rNeg   . . .     Faith    .     (helmet restricted)
rPois  .         Spirit   .     (no amulet)
rElec  .         Dismiss  .     (no ring)
rCorr  .         Reflect  .     (no ring)
SustAt .         Harm     .     (no ring)
MR     .....                    (no ring)
Stlth  ++........               (no ring)
                                (no ring)
                                (no ring)
                                (no ring)

@: appendage (expiring), not resistant to hostile enchantments, unstealthy
A: almost no armour, amphibious, 8 rings, constrict 8, tentacle spike 3,
camouflage 1, gelatinous body 1
a: End Transformation


You were on level 3 of the Dungeon.
You were not hungry.
One of your tentacles had a temporary spike.
You visited 1 branch of the dungeon, and saw 3 of its levels.

You collected 144 gold pieces.

Inventory:

Missiles
 a - 33 arrows
Scrolls
 d - a scroll of identify
 e - 2 scrolls of enchant armour
 f - 4 scrolls of remove curse
 g - 2 scrolls of magic mapping
Potions
 h - 2 potions of heal wounds
 j - a potion of haste
 k - a potion of lignification
Books
 b - a book of Changes

   Spells                             Type                      Level
   a - Beastly Appendage              Transmutation                1
   b - Sticks to Snakes               Transmutation                2
   c - Spider Form                    Transmutation/Poison         3
   d - Ice Form                       Ice/Transmutation            4
   e - Blade Hands                    Transmutation                5


   Skills:
 + Level 2.6 Fighting
 - Level 2.0 Dodging
 + Level 4.2 Unarmed Combat
 - Level 2.0 Spellcasting
 - Level 3.3 Transmutations
 + Level 1.1 Ice Magic


You had 3 spell levels left.
You knew the following spells:

 Your Spells              Type           Power        Failure   Level  Hunger
a - Beastly Appendage     Trmt           ##....       6%          1    #......
b - Ice Form              Ice/Trmt       #.......     82%         4    #####..


Dungeon Overview and Level Annotations

Branches:
Dungeon (3/15)

Altars:
Ashenzari


Innate Abilities, Weirdness & Mutations

You cannot wear most types of armour.
You are amphibious.
You can wear up to eight rings at the same time.
You can use your tentacles to constrict eight enemies at once.
Your skin changes colour to match your surroundings (Stealth).
Your rubbery body absorbs attacks (AC +1).
One of your tentacles bears a large vicious spike.


Message History

Your squeeze misses the gnoll.
The gnoll hits you from afar with a spear.
You tentacle-slap the gnoll. Your grab misses the gnoll. You squeeze the gnoll.
The gnoll is severely wounded.
The gnoll closely misses you. x2
You closely miss the gnoll. You grab the gnoll.
The gnoll is severely wounded.
You constrict the gnoll, but do no damage.
The gnoll hits you from afar with a spear!
* * * LOW HITPOINT WARNING * * *
The gnoll barely misses you.
You tentacle-slap the gnoll.
You kill the gnoll!
The gnoll barely misses you. The gnoll hits you with a spear!
* * * LOW HITPOINT WARNING * * *
You see here a gnoll corpse.
You tentacle-slap the gnoll but do no damage.
You grab the gnoll. You constrict the gnoll. The gnoll hits you with a spear.
You die...

#########
#...!....
#.......#
#.......#
.>....### .
#.?...# ...
#.# #%g.
##@#.g###
#.g.....#
#.###.....
##.####....
#...........
#.###.....##
##.#####_####
#..###.....##
#............


You could see a gnoll.

Vanquished Creatures
  Crazy Yiuf (D:2)
  4 adders (D:2)
  A gnoll (D:3)
  2 oozes (D:2)
  2 giant geckos
  4 giant cockroaches
  8 hobgoblins
  11 jackals
  2 quokkas
  12 bats
  4 giant newts
  7 goblins (D:2)
  13 kobolds
  5 rats
76 creatures vanquished.

Notes
Turn   | Place    | Note
--------------------------------------------------------------
     0 | D:1      | JokEr the Octopode Transmuter began the quest for the Orb.
     0 | D:1      | Reached XP level 1. HP: 13/13 MP: 3/3
   189 | D:1      | Reached XP level 2. HP: 12/18 MP: 3/5
   677 | D:1      | Reached XP level 3. HP: 21/23 MP: 6/6
  1620 | D:2      | Reached XP level 4. HP: 10/29 MP: 5/7
  1857 | D:2      | Noticed Crazy Yiuf
  1865 | D:2      | Killed Crazy Yiuf
  1865 | D:2      | Reached skill level 4 in Unarmed Combat
  2212 | D:2      | Reached XP level 5. HP: 34/34 MP: 8/8
  2224 | D:2      | Learned a level 4 spell: Ice Form
  2965 | D:3      | Noticed an ice beast
  3348 | D:2      | Reached skill level 1 in Ice Magic
  3373 | D:3      | Found a shattered altar of Ashenzari.
  3402 | D:3      | Slain by a gnoll

Vault maps used:
D:1:      minmay_arrival_doors
D:2:      uniq_crazy_yiuf_cottage
D:3:      corexii_leaking_fountain, hex_large, kennysheep_another_room,
          cheibrodos_ashenzari_chains

Action                   |  1- 3 |  4- 6 || total
-------------------------+-------+-------++-------
Melee: Unarmed           |    89 |    85 ||   174
 Cast: Beastly Appendage |     7 |     8 ||    15
  Use: Scroll            |     5 |     4 ||     9
       Potion            |       |     1 ||     1
 Stab: Sleeping          |     1 |     4 ||     5
  Eat: Chunk             |     2 |     4 ||     6
       Bread ration      |       |     1 ||     1
